 Dungeon Crawl Stone Soup version 0.29.1-1-gd02db6906a (webtiles) character file.

Game seed: 3928219941132308319

77 Rom the Grave Robber (level 4, 0/30 HPs)
             Began as a Human Necromancer on Sept 22, 2022.
             Killed by nerve-wracking pain
             ... invoked by Grinder
              (5 damage)
             ... on level 4 of the Dungeon.
             The game lasted 00:51:56 (5152 turns).

Rom the Grave Robber (Human Necromancer)            Turns: 5152, Time: 00:51:57

Health: 0/30       AC:  8    Str: 15    XL:     4   Next: 58%
Magic:  2/8        EV: 12    Int: 17    God:
Gold:   186        SH:  0    Dex: 13    Spells: 1/9 levels left

rFire   . . .      SeeInvis .   c - +0 hand axe (flame)
rCold   + . .      Faith    .   (no shield)
rNeg    . . .      Spirit   .   u - +2 robe {rC+}
rPois   .          Reflect  .   (no helmet)
rElec   .          Harm     .   (no cloak)
rCorr   .          Rampage  .   (no gloves)
Will    .....                   (no boots)
Stlth   ++........              (no amulet)
HPRegen 0.10/turn               h - +6 ring of strength
MPRegen 0.11/turn               r - +4 ring of protection

@: no status effects
A: no striking features
a: no special abilities


You were on level 4 of the Dungeon.
You visited 1 branch of the dungeon, and saw 4 of its levels.

You collected 186 gold pieces.

Inventory:

Hand Weapons
 c - a +0 hand axe of flaming (weapon)
 l - a +0 dagger
 m - a +0 short sword
 s - a +0 spear
 v - a +0 short sword
Missiles
 i - 12 stones
Armour
 a - a +0 robe
 j - a +0 chain mail
 k - a +1 leather armour of cold resistance
 o - a +0 ring mail
 t - a +0 leather armour
 u - a +2 robe of cold resistance (worn)
 w - a +0 leather armour
 x - a +0 ring mail
 B - a +0 chain mail
Magical Staves
 g - a staff of earth
Jewellery
 h - a +6 ring of strength (left hand)
 r - a +4 ring of protection (right hand)
Wands
 A - a wand of acid (8)
Scrolls
 d - a scroll of noise {unknown}
 e - a scroll of fog
 f - 2 scrolls of teleportation {unknown}
 y - a scroll of poison {unknown}
 z - a scroll of fear
 C - a scroll of summoning {unknown}
Potions
 b - 2 potions of magic
 n - 2 potions of mutation {unknown}
 p - 4 potions of curing {unknown}
 q - a potion of attraction {unknown}
 D - a potion of heal wounds {unknown}


   Skills:
 + Level 1.1 Armour
 - Level 2.0 Dodging
 - Level 2.1 Stealth
 * Level 3.1 Spellcasting
 * Level 4.6 Necromancy
 * Level 0.3 Fire Magic


You had one spell level left.
You knew the following spells:

 Your Spells              Type           Power      Damage    Failure   Level
a - Necrotise             Necr           72%        1d7       2%          1
b - Vampiric Draining     Necr           18%        2d7       8%          3
c - Animate Dead          Necr           18%        N/A       26%         4

Your spell library contained the following spells:

 Spells                   Type           Power      Damage    Failure   Level
 Scorch                   Fire           6%         2d5       22%         2
 Ensorcelled Hibernation  Hex/Ice        4%         N/A       26%         2
 Passwall                 Tmut/Erth      1%         N/A       26%         2
 Spider Form              Tmut/Pois      2%         N/A       45%         3
 Swiftness                Air            2%         N/A       45%         3
 Anguish                  Hex/Necr       5%         N/A       54%         4
 Agony                    Necr           18%        N/A       58%         5
 Flame Wave               Conj/Fire      3%         2d5       85%         4
 Summon Cactus Giant      Summ           1%         N/A       100%        6


Dungeon Overview and Level Annotations

Branches:
Dungeon (4/15)
 Temple: D:4-7

Altars:

Shops:
D:3 **

Annotations:
D:4 1 runed translucent door, Fractals's ghost, amateur HOBe; Grinder


Message History

Grinder is moderately wounded.
Grinder gestures at you.
You barely resist.
Your orc skeleton hits Grinder but does no damage.
You barely miss Grinder.
Grinder is moderately wounded.
Grinder hits you.
You writhe in agony.
Your orc skeleton barely misses Grinder.
You hit Grinder but do no damage.
Grinder is moderately wounded.
Grinder gestures at you. Pain shoots through your body! Grinder hits you.
You writhe in agony.
* * * LOW HITPOINT WARNING * * *
Your orc skeleton closely misses Grinder.
Casting: Necrotise (safe; 2% risk of failure)
Confirm with . or Enter, or press ? or * to list all spells.
You don't have enough magic to cast this spell.
You hit Grinder. You burn Grinder.
Grinder is moderately wounded.
Grinder says, "I used to sell toenails on the black market."
Grinder closely misses you.
Your orc skeleton misses Grinder.
You hit Grinder. You burn Grinder.
Grinder is heavily wounded.
Grinder gestures at you. Pain shoots through your body!
* * * LOW HITPOINT WARNING * * *
Your orc skeleton closely misses Grinder.
You hit Grinder. You burn Grinder.
Grinder is heavily wounded.
Grinder blinks!
Grinder gestures at you.
You suddenly lose the ability to move!
You can move again.
There is an open door here.
Your orc skeleton hits Grinder.
Grinder hits your orc skeleton!
Your orc skeleton is destroyed!
Grinder shouts!
Grinder gestures at you. Pain shoots through your body!
You die...

.. #. .... ... #. .... ... #.
+##....#### ..# .###..#.
........#..##..#### ......#.
........#......(..........'.
........#...........#+#...#.
........#..........##.##....
........#..@......##...##...
.......#'#####..##.....##.. ###
#............#W.!♣?.⌠#..
#...#..5.........##.....##..
#...'..)..........##...##...
#####..............##⌠##....
#+###..#########.......###.....
+........#.....#...............
#........'.....'...............


You could see Grinder and Fractals's ghost.

Vanquished Creatures
  A worm (D:3)
  A dart slug (D:3)
  An orc (D:4)
  4 endoplasms
  4 giant cockroaches
  4 goblins
  8 hobgoblins
  5 jackals (D:2)
  2 kobolds
  8 ball pythons
  4 bats
  2 frilled lizards
  5 rats
49 creatures vanquished.

Vanquished Creatures (collateral kills)
  An adder (D:2)
  A bat (D:1)
  An endoplasm (D:1)
  A hobgoblin (D:4)
4 creatures vanquished.

Grand Total: 53 creatures vanquished

Notes
Turn   | Place    | Note
-------+----------+-------------------------------------------
     0 | D:1      | Rom the Human Necromancer began the quest for the Orb.
     0 | D:1      | Reached XP level 1. HP: 13/13 MP: 3/3
   519 | D:1      | Reached XP level 2. HP: 19/19 MP: 0/5
  1689 | D:1      | Reached XP level 3. HP: 24/24 MP: 4/6
  1695 | D:1      | Learned a level 3 spell: Vampiric Draining
  2148 | D:2      | Reached skill level 1 in Armour
  2382 | D:2      | Learned a level 2 spell: Scorch
  3024 | D:2      | Reached XP level 4. HP: 30/30 MP: 5/8
  3419 | D:3      | Learned a level 4 spell: Animate Dead
  3879 | D:3      | Found Velaff's Assorted Antiques.
  4393 | D:3      | Found Ilya's Assorted Antiques.
  5052 | D:4      | Noticed Fractals's ghost (amateur HOBe)
  5054 | D:4      | Found a runed translucent door.
  5124 | D:4      | Noticed Grinder
  5128 | D:4      | Paralysed by Grinder for 5 turns
  5147 | D:4      | Paralysed by Grinder for 2 turns
  5152 | D:4      | Killed from afar by Grinder

Illustrated notes

Levels and vault maps discovered:
D:1:      dpeg_arrival_castle, layout_loops_corners
D:2:      layout_basic, chequers_hall_statues_corner_a, patterned_corridor
D:3:      layout_loops_corners, serial_shops, nicolae_shop_stone, shop
D:4:      layout_gridville, hellmonk_ghost_happy_afterlife, uniq_grinder

Skill      XL: |  1  2  3  4 |
---------------+-------------+-----
Armour         | 1 |  1.1
Spellcasting   | 3 |  3.1
Dodging        | |  2.0
Stealth        | |  2.1
Necromancy     | |  4.6
Fire Magic     | |  0.3

Action                   |  1- 3 |  4- 6 || total
-------------------------+-------+-------++-------
Melee: Hand axe          |    14 |    10 ||    24
       Spear             |       |     3 ||     3
 Cast: Necrotise         |    47 |    39 ||    86
       Vampiric Draining |     1 |     1 ||     2
       Scorch            |     1 |     1 ||     2
       Animate Dead      |       |     1 ||     1
  Use: Scroll            |       |     5 ||     5
 Stab: Sleeping          |     1 |       ||     1
Armor: Chain mail        |    20 |       ||    20
       Robe              |     1 |     8 ||     9
Dodge: Dodged            |    14 |    10 ||    24
